[Event "I Torneo de Maestras 2019"]
[Site "Corralejo"]
[Date "2019.09.24"]
[Round "5.2"]
[White "Navrotescu, Andreea-Cristiana"]
[Black "Drljevic, Ljilja"]
[Result "1-0"]
[ECO "A53"]
[WhiteElo "2242"]
[BlackElo "2162"]
[Annotator "ChessBase"]
[PlyCount "75"]
[EventDate "2019.09.21"]
[EventType "tourn"]
[EventCountry "ESP"]
[SourceTitle "playchess.com"]
[Source "ChessBase"]
[SourceQuality "1"]
[TimeControl "5400+30"]

1. d4 Nf6 2. c4 d6 3. Nc3 Nbd7 4. e4 c6 5. Nge2 g6 6. Ng3 h5 7. Be2 h4 8. Nf1 e5 9. d5 Be7 10. Ne3 Nc5 11. Qc2 a5 12. O-O Nh5 13. Bg4 Nf4 14. b3 Bxg4 15. Nxg4 Rh5 16. Bxf4 exf4 17. h3 Qd7 18. Rfe1 Rg5 19. f3 O-O-O 20. a3 f5 21. Nf2 Bf6 22. b4 fxe4 23. Ncxe4 Nxe4 24. Nxe4 Bd4+ 25. Kh1 Re5 26. dxc6 bxc6 27. Rab1 Qc7 28. Qa4 Rde8 29. Red1 c5 30. bxa5 R8e7 31. a6 Qa7 32. Nxd6+ Kd8 33. Qc6 Rc7 34. Nb7+ Kc8 35. Qxg6 Rg7 36. Qxg7 Re1+ 37. Rxe1 Bxg7 38. Nd6+ 1-0

[Event "I Torneo de Maestras 2019"]
[Site "Corralejo"]
[Date "2019.09.24"]
[Round "5.3"]
[White "Guillo Longares, Cecilia"]
[Black "Thomas, Anysia"]
[Result "0-1"]
[ECO "D71"]
[WhiteElo "1960"]
[BlackElo "2112"]
[Annotator "NA"]
[PlyCount "268"]
[EventDate "2019.09.21"]
[EventType "tourn"]
[EventCountry "ESP"]
[SourceTitle "playchess.com"]
[Source "ChessBase"]
[SourceQuality "1"]
[TimeControl "5400+30"]

1. d4 Nf6 2. c4 g6 3. Nf3 Bg7 4. g3 d5 5. cxd5 Nxd5 6. Bg2 Nb6 7. Nc3 Nc6 8. O-O Nxd4 9. Nxd4 Qxd4 10. Nb5 {[%emt 0:01:00] D71: Fianchetto Grünfeld: 3 g3 d5 sidelines and 5 cxd5 (without Nf3)} Qc4 11. Qb3 O-O 12. Qxc4 Nxc4 13. Nxc7 Rb8 14. Nd5 Be6 {[%emt 0:02:10] [#]} 15. Bf4 $146 ({Predecessor:} 15. Nxe7+ Kh8 16. Nd5 Nxb2 17. Rb1 {½-½ (17) Kempinski,R (2653)-Hracek,Z (2581) Germany 2005}) 15... Rbd8 16. Nxe7+ Kh8 17. e4 Nxb2 18. Rab1 Bxa2 19. Ra1 Bc4 20. Rfb1 Rd7 21. Nd5 b5 22. Be3 Na4 23. Ra3 a6 24. Nb6 Nxb6 25. Bxb6 b4 26. Ra4 Bc3 27. Bf1 Bxf1 28. Kxf1 Re8 29. Rxa6 Rxe4 30. Ra8+ Kg7 31. Rb8 Rde7 32. Be3 h5 33. Kg2 Re8 34. Rb7 R8e7 35. Rb8 Rc4 36. Kf3 Rd7 37. h4 Rcc7 38. R8xb4 Bxb4 39. Rxb4 Rb7 40. Rxb7 Rxb7 41. Bd4+ f6 42. Be3 Rb4 43. Kg2 Kf7 44. Kf3 Ke6 45. Kg2 Kf5 46. Bc5 Rb3 47. Bd4 Rd3 48. Bc5 Kg4 49. Be7 Rf3 50. Bd8 Rf5 51. Bb6 g5 52. hxg5 fxg5 53. Be3 h4 54. gxh4 gxh4 55. Bd4 Rf3 56. Be3 Rf7 57. Bd4 Rd7 58. Be3 Rg7 59. Bd4 Rg8 60. Bc5 h3+ 61. Kh2 Kf3 62. Be3 Rg7 63. Bd4 Rd7 64. Be3 Kg4 65. Bc5 Kh4 66. Bb6 Rg7 67. Bd8+ Kg4 68. Bb6 Rg6 69. Bc5 Rg5 70. Be3 Rd5 71. Bb6 Kh4 72. Be3 Rd6 73. Bc5 $2 (73. f3 $11 {and White is okay.}) 73... Re6 74. Be3 Rg6 $19 75. Bd4 Rg2+ 76. Kh1 Kg4 77. Be3 Kf3 78. Bc5 Ke4 79. Be3 Kd3 80. Bc5 Ke2 81. Be3 Kd3 82. Bc5 Kd2 83. Be3+ Ke2 84. Bc5 Kf3 85. Be3 h2 86. Bc5 Rg5 87. Bd6 Kxf2 88. Bxh2 Kf1 89. Bf4 Rg7 90. Be5 Rg6 91. Bh2 Kf2 92. Be5 Rh6+ 93. Bh2 Kf3 94. Kg1 Rg6+ 95. Kh1 Rc6 96. Bg1 Kg3 97. Bd4 Rc4 98. Ba7 Ra4 99. Bb6 Ra1+ 100. Bg1 Kf3 101. Kh2 Ra2+ 102. Kh1 Ra6 103. Bh2 Rg6 104. Be5 Kf2 105. Bh2 Rg2 106. Bd6 Rg1+ 107. Kh2 Rg5 108. Kh1 Rd5 109. Bc7 Rd7 110. Bb8 Rb7 111. Bd6 Rd7 112. Bb8 Rd1+ 113. Kh2 Rd8 114. Bg3+ Kf3 115. Bc7 Rd1 116. Bb8 Rb1 117. Bc7 Rb2+ 118. Kh1 Kf2 119. Bd6 Rc2 120. Bb8 Rc8 121. Bd6 Rc6 122. Bb8 Rc1+ 123. Kh2 Kf3 124. Bd6 Rc2+ 125. Kh1 Kg4 126. Bb8 Kh3 127. Ba7 Kg3 128. Bb8+ Kh3 129. Ba7 Rb2 130. Bc5 Rh2+ 131. Kg1 Rc2 132. Be3 Kg3 133. Kh1 Rh2+ 134. Kg1 Re2 0-1

[Event "I Torneo de Maestras 2019"]
[Site "Corralejo"]
[Date "2019.09.24"]
[Round "5.4"]
[White "Safranska, Anda"]
[Black "Rodriguez Redondo, Adhara"]
[Result "0-1"]
[ECO "A08"]
[WhiteElo "2139"]
[BlackElo "2065"]
[Annotator "ChessBase"]
[PlyCount "96"]
[EventDate "2019.09.21"]
[EventType "tourn"]
[EventCountry "ESP"]
[SourceTitle "playchess.com"]
[Source "ChessBase"]
[SourceQuality "1"]
[TimeControl "5400+30"]

1. Nf3 d5 2. g3 e6 3. Bg2 c5 4. O-O Nc6 5. d3 Bd6 6. e4 Nge7 7. Re1 Qc7 8. Nc3 d4 9. Nb5 Qb8 10. Nxd6+ Qxd6 11. e5 Qc7 12. h4 Bd7 13. c4 O-O-O 14. a3 f6 15. exf6 gxf6 16. b4 e5 17. bxc5 Rdg8 18. Rb1 Nf5 19. Kf1 Nxg3+ 20. fxg3 Rxg3 21. Rb2 Rhg8 22. Ng1 Bf5 23. Re4 Bxe4 24. dxe4 Qg7 25. Qe2 Qf7 26. Bh6 Rxg2 27. Qxg2 Rxg2 28. Rxg2 Qxc4+ 29. Kf2 Qxc5 30. Rg8+ Kc7 31. Nf3 Qxa3 32. Rg7+ Kb6 33. Rxh7 Qd3 34. Rf7 Qxe4 35. Rxf6 a5 36. Kg3 a4 37. Bf8 Qe3 38. Kg4 a3 39. Bxa3 Qxa3 40. h5 Qe7 41. Kf5 Qh7+ 42. Kg5 Kc5 43. h6 e4 44. Nh4 Ne7 45. Re6 Qg8+ 46. Kf6 Nd5+ 47. Kf5 Qf7+ 48. Ke5 Qf4# 0-1

[Event "I Torneo de Maestras 2019"]
[Site "Corralejo"]
[Date "2019.09.24"]
[Round "5.5"]
[White "Terbe, Julianna"]
[Black "Martinez, Ayelen"]
[Result "1-0"]
[ECO "E63"]
[WhiteElo "2298"]
[BlackElo "2169"]
[Annotator "ChessBase"]
[PlyCount "63"]
[EventDate "2019.09.21"]
[EventType "tourn"]
[EventCountry "ESP"]
[SourceTitle "playchess.com"]
[Source "ChessBase"]
[SourceQuality "1"]
[TimeControl "5400+30"]

1. d4 Nf6 2. Nf3 g6 3. g3 Bg7 4. Bg2 O-O 5. c4 d6 6. O-O Nc6 7. Nc3 a6 8. Qd3 Bf5 9. e4 Bg4 10. Ne1 Qd7 11. f3 Bh3 12. Be3 Rab8 13. Nc2 h5 14. b4 Bxg2 15. Kxg2 b5 16. a4 bxc4 17. Qxc4 Rfc8 18. Rab1 Ra8 19. Rfc1 Nd8 20. Qe2 h4 21. g4 c5 22. e5 Ne8 23. dxc5 dxc5 24. bxc5 Bxe5 25. Rd1 Qe6 26. Nd5 Rab8 27. Rb6 Rxb6 28. Nxb6 Rb8 29. Qxa6 Nf6 30. Qc4 h3+ 31. Kxh3 Qc6 32. Kg2 1-0

[Event "I Torneo de Maestras 2019"]
[Site "Corralejo"]
[Date "2019.09.25"]
[Round "6.1"]
[White "Palma, Maria"]
[Black "Martinez, Ayelen"]
[Result "0-1"]
[ECO "E81"]
[WhiteElo "2100"]
[BlackElo "2169"]
[Annotator "NA"]
[PlyCount "74"]
[EventDate "2019.09.21"]
[EventType "tourn"]
[EventCountry "ESP"]
[SourceTitle "playchess.com"]
[Source "ChessBase"]
[SourceQuality "1"]
[TimeControl "5400+30"]

1. d4 Nf6 2. c4 g6 3. f3 Bg7 4. e4 d6 5. Nc3 O-O 6. Be3 Nbd7 7. Qd2 c5 8. Nge2 a6 9. Rd1 cxd4 10. Nxd4 Ne5 11. Be2 Bd7 12. O-O Rc8 13. b3 Nc6 14. Nc2 Be6 15. Bf2 Nd7 16. Ne3 f5 17. exf5 gxf5 18. Ned5 Kh8 19. Rfe1 Bg8 20. Bh4 Qe8 21. Nxe7 Nxe7 22. Bf1 Bf6 23. Bxf6+ Rxf6 24. Qf4 Qf8 25. Rd2 Ng6 26. Qd4 Qg7 27. Rde2 Nge5 28. Kh1 Rh6 29. Qd2 Nf6 30. Qxd6 Nfg4 31. Qxh6 Qxh6 32. fxg4 Nxg4 33. h3 Qh4 34. Kg1 Nf6 35. Nd1 Qd4+ 36. Kh1 Ne4 37. Re3 Re8 0-1

[Event "I Torneo de Maestras 2019"]
[Site "Corralejo"]
[Date "2019.09.25"]
[Round "6.2"]
[White "Rodriguez Redondo, Adhara"]
[Black "Terbe, Julianna"]
[Result "0-1"]
[ECO "C54"]
[WhiteElo "2065"]
[BlackElo "2298"]
[Annotator "NA"]
[PlyCount "190"]
[EventDate "2019.09.21"]
[EventType "tourn"]
[EventCountry "ESP"]
[SourceTitle "playchess.com"]
[Source "ChessBase"]
[SourceQuality "1"]
[TimeControl "5400+30"]

1. e4 e5 2. Nf3 Nc6 3. Bc4 Bc5 4. c3 Nf6 5. d3 a6 6. O-O O-O 7. Nbd2 Ba7 8. h3 d6 9. Bb3 h6 10. Re1 Nh5 11. Nf1 Qf6 12. Be3 Nf4 13. Ng3 g5 14. Nh2 Ne7 15. Bxa7 Rxa7 16. Nh5 Qg6 17. Nxf4 gxf4 18. Kh1 Kh8 19. Rg1 f5 20. Qe2 fxe4 21. dxe4 Qf6 22. Nf3 Ng6 23. Kh2 Ra8 24. Rad1 Nh4 25. Rd3 Nxf3+ 26. Qxf3 Qh4 27. Bd1 Be6 28. b3 Rg8 29. Qh5 Qf6 30. Qe2 Rg5 31. c4 Rag8 32. g4 h5 33. f3 R5g6 34. Kg2 Rh6 35. Kf1 Rg7 36. Qg2 Qg5 37. Ke1 b6 38. Be2 Rgh7 39. Kd1 hxg4 40. fxg4 a5 41. a4 Bd7 42. Re1 Bc6 43. Kc2 Kg8 44. Bf1 Qh4 45. Red1 Rf6 46. Qf3 Rd7 47. Bg2 Bb7 48. Kb2 Kf7 49. Bh1 Ke7 50. Bg2 Rh6 51. R3d2 Rd8 52. Rd3 Qf6 53. Ka2 Qg6 54. Kb2 Kf6 55. R1d2 Kg5 56. Rd1 Rdh8 57. Re1 Rh4 58. Ka2 Qe8 59. Kb2 Qc6 60. Rd2 Qc5 61. Qc3 Rf8 62. Qf3 Bc6 63. Rdd1 Qb4 64. Ka2 Rh7 65. Rh1 Rfh8 66. Rhe1 Bxa4 67. bxa4 Qxa4+ 68. Kb2 Qxc4 69. Rc1 Qb4+ 70. Qb3 Qd2+ 71. Qc2 Qd4+ 72. Qc3 Qf2+ 73. Rc2 Qc5 74. Qb3 Qd4+ 75. Qc3 Qc5 76. Qb3 Qd4+ 77. Qc3 Qc5 78. Qb3 Qd4+ 79. Qc3 f3 80. Qxd4 exd4 81. Bf1 c5 82. Kb3 Re7 83. Kc4 Re5 84. Rcc1 Rhe8 85. Kb5 d5 86. Kxb6 dxe4 87. Rxc5 Rb8+ 88. Kc7 Rxc5+ 89. Kxb8 e3 90. Kb7 Re5 91. Kc6 e2 92. Kd6 Re8 93. Kd5 d3 94. Bxe2 dxe2 95. Kd4 f2 0-1

[Event "I Torneo de Maestras 2019"]
[Site "Corralejo"]
[Date "2019.09.25"]
[Round "6.3"]
[White "Thomas, Anysia"]
[Black "Safranska, Anda"]
[Result "1/2-1/2"]
[ECO "A42"]
[WhiteElo "2112"]
[BlackElo "2139"]
[Annotator "NA"]
[PlyCount "57"]
[EventDate "2019.09.21"]
[EventType "tourn"]
[EventCountry "ESP"]
[SourceTitle "playchess.com"]
[Source "ChessBase"]
[SourceQuality "1"]
[TimeControl "5400+30"]

1. d4 d6 2. Nf3 g6 3. c4 Bg7 4. Nc3 e5 5. e4 Nc6 6. Bg5 f6 7. Be3 Nh6 8. dxe5 dxe5 9. Qxd8+ Kxd8 10. O-O-O+ Bd7 11. h3 Kc8 12. c5 Be6 13. g4 Nf7 14. b3 a5 15. Be2 Rf8 16. Rhg1 Bh6 17. Bxh6 Nxh6 18. Rd2 Nf7 19. Kb2 Nfd8 20. Rgd1 Bg8 21. Nd5 Ne6 22. Rc1 Kb8 23. Bb5 Ncd4 24. Nxd4 Nxd4 25. Bc4 Bxd5 26. exd5 Ka7 27. Rc3 Rad8 28. Rcd3 g5 29. Kc3 1/2-1/2

[Event "I Torneo de Maestras 2019"]
[Site "Corralejo"]
[Date "2019.09.25"]
[Round "6.4"]
[White "Drljevic, Ljilja"]
[Black "Guillo Longares, Cecilia"]
[Result "0-1"]
[ECO "B20"]
[WhiteElo "2162"]
[BlackElo "1960"]
[Annotator "NA"]
[PlyCount "80"]
[EventDate "2019.09.21"]
[EventType "tourn"]
[EventCountry "ESP"]
[SourceTitle "playchess.com"]
[Source "ChessBase"]
[SourceQuality "1"]
[TimeControl "5400+30"]

1. e4 c5 2. d3 g6 3. g3 Bg7 4. Bg2 Nc6 5. f4 d6 6. Nh3 e6 7. O-O Nge7 8. g4 f5 9. c3 O-O 10. Be3 Rb8 11. a4 a6 12. Nd2 b5 13. axb5 axb5 14. gxf5 exf5 15. Qb3+ Kh8 16. Ng5 Qe8 17. e5 c4 18. dxc4 bxc4 19. Qxc4 dxe5 20. b4 e4 21. Nb3 h6 22. Nh3 Ng8 23. Nc5 Nf6 24. Nf2 Nd8 25. Bd4 Be6 26. Qa6 Nc6 27. Be5 Bc8 28. Qa4 Nxe5 29. fxe5 Qxe5 30. Qa7 Be6 31. Rfe1 Bc4 32. Nfd3 Qd6 33. Nb2 Bd5 34. Nba4 Ng4 35. Re2 Bc4 36. Rae1 Qxh2+ 37. Kf1 Ne3+ 38. Kf2 Nxg2 39. Rb2 Nh4+ 40. Ke3 f4+ {[%emt 0:00:05] Kd4} 0-1

[Event "I Torneo de Maestras 2019"]
[Site "Corralejo"]
[Date "2019.09.25"]
[Round "6.5"]
[White "Sosa Suarez, Carla Cristina"]
[Black "Navrotescu, Andreea-Cristiana"]
[Result "0-1"]
[ECO "C06"]
[WhiteElo "2069"]
[BlackElo "2242"]
[Annotator "NA"]
[PlyCount "96"]
[EventDate "2019.09.21"]
[EventType "tourn"]
[EventCountry "ESP"]
[SourceTitle "playchess.com"]
[Source "ChessBase"]
[SourceQuality "1"]
[TimeControl "5400+30"]

1. e4 e6 2. d4 d5 3. Nd2 Be7 4. Ngf3 Nf6 5. e5 Nfd7 6. Bd3 c5 7. c3 Nc6 8. O-O g5 9. dxc5 g4 10. Nd4 Ndxe5 11. Bb5 Bd7 12. Qe2 Qc7 13. b4 Ng6 14. N2b3 e5 15. Nc2 a6 16. Ba4 h5 17. Rd1 Be6 18. b5 axb5 19. Bxb5 Kf8 20. Nb4 d4 21. Bc4 d3 22. Qe4 f5 23. Nd5 fxe4 24. Nxc7 Bxc4 25. Nxa8 Nf4 26. Bxf4 exf4 27. Nb6 Be6 28. Re1 Bf5 29. Nd5 Bg5 30. Nd2 f3 31. Ne3 Bg6 32. Rab1 Rh7 33. Rb6 Bd8 34. Rbb1 Ba5 35. Nd5 Rd7 36. Nf6 Re7 37. Nfxe4 fxg2 38. Kxg2 Ne5 39. Re3 Nf3 40. Rb5 Nxd2 41. Nxd2 Rxe3 42. fxe3 Bxc3 43. Rb6 Be8 44. Ne4 Ba5 45. Rd6 Bc6 46. Rd4 d2 47. Kg3 Bxe4 48. Kf4 Bf3 0-1

[Event "I Torneo de Maestras 2019"]
[Site "Corralejo"]
[Date "2019.09.25"]
[Round "7.1"]
[White "Navrotescu, Andreea-Cristiana"]
[Black "Palma, Maria"]
[Result "1-0"]
[ECO "A36"]
[WhiteElo "2242"]
[BlackElo "2100"]
[Annotator "ChessBase"]
[PlyCount "121"]
[EventDate "2019.09.21"]
[EventType "tourn"]
[EventCountry "ESP"]
[SourceTitle "playchess.com"]
[Source "ChessBase"]
[SourceQuality "1"]
[TimeControl "5400+30"]

1. c4 Nf6 2. Nc3 c5 3. e4 Nc6 4. g3 g6 5. Bg2 Bg7 6. Nge2 O-O 7. d3 d6 8. O-O Bd7 9. a3 Rb8 10. Rb1 a6 11. b4 cxb4 12. axb4 b5 13. cxb5 axb5 14. h3 Ne8 15. Be3 Nc7 16. Qd2 e5 17. f4 Ne6 18. f5 Ned4 19. g4 Ra8 20. Nd5 f6 21. Nxd4 exd4 22. Bf2 Ra3 23. Ra1 Ra4 24. Rxa4 bxa4 25. Qa2 Kh8 26. Qxa4 Ne5 27. Qa6 Qb8 28. Bxd4 Bb5 29. Qa3 Bxd3 30. Rc1 Bb5 31. Rc7 Rc8 32. Rxc8+ Qxc8 33. Nb6 Qc6 34. Qa8+ Qxa8 35. Nxa8 Bh6 36. Nc7 Bd7 37. b5 Bd2 38. b6 Ba5 39. Nd5 Bc6 40. Nxf6 Kg7 41. Nd5 Kf7 42. fxg6+ hxg6 43. Kf2 Nd7 44. Kg3 Bxd5 45. exd5 Nxb6 46. h4 Be1+ 47. Kh3 Nd7 48. h5 gxh5 49. gxh5 Ne5 50. h6 Kg6 51. Be3 Bc3 52. Be4+ Kh5 53. h7 Nf7 54. Bf5 Be5 55. Kg2 Nh8 56. Kf3 Ng6 57. Ke4 Ne7 58. Bf4 Bh8 59. Bxd6 Nxf5 60. Kxf5 Kh6 61. Be5 1-0

[Event "I Torneo de Maestras 2019"]
[Site "Corralejo"]
[Date "2019.09.25"]
[Round "7.2"]
[White "Guillo Longares, Cecilia"]
[Black "Sosa Suarez, Carla Cristina"]
[Result "1-0"]
[ECO "D36"]
[WhiteElo "1960"]
[BlackElo "2069"]
[Annotator "NA"]
[PlyCount "129"]
[EventDate "2019.09.21"]
[EventType "tourn"]
[EventCountry "ESP"]
[SourceTitle "playchess.com"]
[Source "ChessBase"]
[SourceQuality "1"]
[TimeControl "5400+30"]

1. c4 e6 2. Nc3 d5 3. d4 Nf6 4. cxd5 exd5 5. Bg5 c6 6. e3 h6 7. Bh4 Be7 8. Bd3 O-O 9. Qc2 Nbd7 10. Nf3 Re8 11. O-O Nf8 12. Rab1 Ne4 13. Bxe4 Bxh4 14. Bd3 Bf6 15. b4 a6 16. a4 Bg4 17. Nd2 Qd6 18. b5 axb5 19. axb5 Rec8 20. bxc6 bxc6 21. Na4 Nd7 22. h3 Bh5 23. Rfc1 Bd8 24. Bf5 Bg6 25. Bxg6 Qxg6 26. Qxg6 fxg6 27. Rb7 Nf6 28. Nb6 Rcb8 29. Rxb8 Rxb8 30. Na4 Rb4 31. Nc5 Be7 32. Nd3 Rb6 33. Ne5 Rb2 34. Ndf3 Rb6 35. Nxg6 Ba3 36. Rc2 Ne4 37. Nfe5 Rb1+ 38. Kh2 Rc1 39. Ne7+ Kf8 40. Rxc1 Bxc1 41. N5xc6 Nc3 42. Ng6+ Kf7 43. Nge5+ Ke6 44. Nb4 Ne4 45. Ned3 Bd2 46. Nf4+ Kd6 47. Nfxd5 Nxf2 48. Kg3 Nd1 49. e4 Nc3 50. Nxc3 Bxc3 51. Nc2 g6 52. Kf4 Bb2 53. Ke3 Bc1+ 54. Kd3 Bf4 55. e5+ Ke6 56. Ke4 Bc1 57. d5+ Kd7 58. d6 Bg5 59. Kd5 Bh4 60. e6+ Kd8 61. Nd4 Bg5 62. Nc6+ Kc8 63. e7 Kd7 64. Ne5+ Ke8 65. Ke6 1-0

[Event "I Torneo de Maestras 2019"]
[Site "Corralejo"]
[Date "2019.09.25"]
[Round "7.3"]
[White "Safranska, Anda"]
[Black "Drljevic, Ljilja"]
[Result "0-1"]
[ECO "A05"]
[WhiteElo "2139"]
[BlackElo "2162"]
[Annotator "ChessBase"]
[PlyCount "76"]
[EventDate "2019.09.21"]
[EventType "tourn"]
[EventCountry "ESP"]
[SourceTitle "playchess.com"]
[Source "ChessBase"]
[SourceQuality "1"]
[TimeControl "5400+30"]

1. g3 g6 2. Bg2 Bg7 3. e4 c5 4. d3 Nc6 5. c3 d6 6. Nf3 Nf6 7. Na3 O-O 8. O-O Rb8 9. Re1 Bg4 10. h3 Bxf3 11. Bxf3 Nd7 12. Bg2 Qa5 13. Nc2 Rfc8 14. f4 b5 15. a3 Qa4 16. Bd2 Na5 17. Rb1 Nb3 18. Be3 a5 19. Re2 b4 20. axb4 cxb4 21. cxb4 axb4 22. Na1 Ndc5 23. d4 Nxa1 24. dxc5 Nb3 25. cxd6 exd6 26. Qd3 Na5 27. Rd1 b3 28. Kh2 Qb5 29. Qxb5 Rxb5 30. Bd4 Rc2 31. Bf1 Rb4 32. Bxg7 Kxg7 33. Rxc2 bxc2 34. Rc1 Rxb2 35. Bd3 Rb3 36. Bxc2 Rc3 37. h4 Nc4 38. Kh3 Ne3 0-1

[Event "I Torneo de Maestras 2019"]
[Site "Corralejo"]
[Date "2019.09.25"]
[Round "7.5"]
[White "Martinez, Ayelen"]
[Black "Rodriguez Redondo, Adhara"]
[Result "1-0"]
[ECO "C54"]
[WhiteElo "2169"]
[BlackElo "2065"]
[Annotator "ChessBase"]
[PlyCount "103"]
[EventDate "2019.09.21"]
[EventType "tourn"]
[EventCountry "ESP"]
[SourceTitle "playchess.com"]
[Source "ChessBase"]
[SourceQuality "1"]
[TimeControl "5400+30"]

1. e4 e5 2. Nf3 Nc6 3. Bc4 Bc5 4. O-O Nf6 5. d3 a6 6. c3 Ba7 7. a4 d6 8. Na3 O-O 9. Nc2 Ne7 10. Be3 Ng6 11. b4 c6 12. Bb3 h6 13. Qe1 Re8 14. Bxa7 Rxa7 15. Qe3 Ra8 16. a5 d5 17. Rfe1 Be6 18. c4 d4 19. Qc1 Nh5 20. Rf1 Nhf4 21. Qd2 Qf6 22. Nce1 Ne7 23. Kh1 g5 24. g3 Nfg6 25. Bd1 Qg7 26. Ng1 f5 27. exf5 Nxf5 28. Bf3 Nd6 29. Bg2 Bf5 30. Nc2 Rad8 31. f3 Nf8 32. Nh3 Qg6 33. Ne1 Be6 34. Nc2 Nf5 35. Nf2 Nd7 36. Rae1 Bf7 37. Re2 Nd6 38. Ree1 Nf6 39. Rc1 Kg7 40. Rfe1 Re6 41. f4 Nf5 42. fxe5 Nd7 43. g4 Rxe5 44. gxf5 Qxf5 45. Nxd4 Qf6 46. Nf3 Rf5 47. Ne4 Qg6 48. Qc3+ Kh7 49. Ng3 Rf4 50. Re7 Qd6 51. Rce1 Kg8 52. Nh5 1-0

[Event "I Torneo de Maestras 2019"]
[Site "Corralejo"]
[Date "2019.09.26"]
[Round "8.1"]
[White "Palma, Maria"]
[Black "Rodriguez Redondo, Adhara"]
[Result "0-1"]
[ECO "D37"]
[WhiteElo "2100"]
[BlackElo "2065"]
[Annotator "ChessBase"]
[PlyCount "130"]
[EventDate "2019.09.21"]
[EventType "tourn"]
[EventCountry "ESP"]
[SourceTitle "playchess.com"]
[Source "ChessBase"]
[SourceQuality "1"]
[TimeControl "5400+30"]

1. d4 d5 2. c4 e6 3. Nc3 Be7 4. Nf3 Nf6 5. Bf4 O-O 6. e3 b6 7. Rc1 Bb7 8. cxd5 Nxd5 9. Nxd5 Qxd5 10. a3 Bd6 11. Bxd6 cxd6 12. Bd3 Nd7 13. O-O Nf6 14. Re1 Ne4 15. Bc4 Qf5 16. d5 exd5 17. Ba2 Rac8 18. Qd3 Qh5 19. Nd4 g6 20. f3 Nc5 21. Qd2 a6 22. b4 Ne6 23. Ne2 Qg5 24. f4 Qe7 25. Bxd5 Rxc1 26. Nxc1 Bxd5 27. Qxd5 Nxf4 28. Qd4 Nh5 29. Qxb6 Rc8 30. Qd4 Qe6 31. Qd2 Nf6 32. Ne2 Ne4 33. Qd3 Qe5 34. Rc1 Rxc1+ 35. Nxc1 Qb2 36. Qxe4 Qxc1+ 37. Kf2 Qxa3 38. Qb7 Kg7 39. Qe4 Qb2+ 40. Kf3 Qf6+ 41. Ke2 Qb2+ 42. Kf3 Qa1 43. Qd3 Qf6+ 44. Ke2 Qb2+ 45. Kf3 Qxb4 46. Qxa6 Qc5 47. Qa1+ Qe5 48. Qa4 Qxh2 49. Kf2 Qe5 50. Qb4 h5 51. Qc4 h4 52. Ke2 Qh5+ 53. Kf2 Qe5 54. Ke2 Qg3 55. Qd4+ Kg8 56. Qe4 h3 57. gxh3 Qxh3 58. Qa8+ Kh7 59. Qf8 Qe6 60. Qd8 d5 61. Qh4+ Kg7 62. Qd4+ Kg8 63. Qb4 Qe4 64. Qb8+ Kg7 65. Qb2+ d4 0-1

[Event "I Torneo de Maestras 2019"]
[Site "Corralejo"]
[Date "2019.09.26"]
[Round "8.2"]
[White "Thomas, Anysia"]
[Black "Martinez, Ayelen"]
[Result "1/2-1/2"]
[ECO "E90"]
[WhiteElo "2112"]
[BlackElo "2169"]
[Annotator "ChessBase"]
[PlyCount "120"]
[EventDate "2019.09.21"]
[EventType "tourn"]
[EventCountry "ESP"]
[SourceTitle "playchess.com"]
[Source "ChessBase"]
[SourceQuality "1"]
[TimeControl "5400+30"]

1. d4 Nf6 2. c4 g6 3. Nc3 Bg7 4. e4 d6 5. h3 O-O 6. Nf3 e5 7. d5 a5 8. g4 Na6 9. Be3 Nd7 10. h4 Ndc5 11. Rg1 Kh8 12. h5 f5 13. hxg6 fxg4 14. Ng5 h6 15. Nf7+ Rxf7 16. gxf7 Qf6 17. Qd2 h5 18. Rh1 Qxf7 19. Bh6 Qg6 20. Qg5 Qxg5 21. Bxg5 Kh7 22. O-O-O Bd7 23. Be2 Kg6 24. Be3 Bh6 25. Bxh6 Kxh6 26. f3 g3 27. f4 exf4 28. Rxh5+ Kg6 29. Rdh1 Rg8 30. Kd2 Kf6 31. Bf3 Nb4 32. b3 Bg4 33. R5h4 Bxf3 34. Rxf4+ Ke5 35. Rxf3 Nxe4+ 36. Nxe4 Kxe4 37. Re3+ Kd4 38. Rg1 g2 39. Re2 Nxa2 40. Rexg2 Rxg2+ 41. Rxg2 Nb4 42. Rg7 Na6 43. Rg1 Kc5 44. Kc3 Kb6 45. Ra1 Nb4 46. Rh1 Kc5 47. Rh2 Kb6 48. Kd4 Na6 49. Rh6 Nc5 50. Kc3 Na6 51. Rh1 Nb4 52. Rh2 Kc5 53. Rh7 Na6 54. Rg7 Kb6 55. Rg2 Nb4 56. Kd4 Na6 57. Rg6 Nc5 58. Kc3 Na6 59. Rg4 Kc5 60. Rg7 Kb6 1/2-1/2

[Event "I Torneo de Maestras 2019"]
[Site "Corralejo"]
[Date "2019.09.26"]
[Round "8.3"]
[White "Drljevic, Ljilja"]
[Black "Terbe, Julianna"]
[Result "0-1"]
[ECO "B30"]
[WhiteElo "2162"]
[BlackElo "2298"]
[Annotator "ChessBase"]
[PlyCount "82"]
[EventDate "2019.09.21"]
[EventType "tourn"]
[EventCountry "ESP"]
[SourceTitle "playchess.com"]
[Source "ChessBase"]
[SourceQuality "1"]
[TimeControl "5400+30"]

1. e4 c5 2. Nf3 Nc6 3. Bb5 Qc7 4. Nc3 a6 5. Bxc6 dxc6 6. h3 e5 7. d3 Ne7 8. Be3 Ng6 9. Ne2 Be7 10. Qd2 f6 11. O-O Be6 12. c3 Rd8 13. b4 cxb4 14. cxb4 Bc4 15. Ne1 O-O 16. Rc1 Bf7 17. a4 Rd7 18. Qc3 Qd6 19. Bc5 Qe6 20. a5 Rfd8 21. Bb6 Re8 22. Rb1 Bd8 23. Bc5 Bc7 24. Nf3 Red8 25. Rfd1 Nf8 26. Ng3 Qe8 27. Nf5 Ne6 28. Be3 Nd4 29. Bxd4 exd4 30. Qc5 Bh5 31. g4 Bf7 32. N3xd4 g6 33. Nh6+ Kg7 34. Nxf7 Qxf7 35. Nf3 Rxd3 36. Rxd3 Rxd3 37. Kg2 Qe6 38. Re1 Qd6 39. Qc4 Ra3 40. Re3 Rxe3 41. e5 Rxe5 0-1

[Event "I Torneo de Maestras 2019"]
[Site "Corralejo"]
[Date "2019.09.26"]
[Round "8.4"]
[White "Sosa Suarez, Carla Cristina"]
[Black "Safranska, Anda"]
[Result "1/2-1/2"]
[ECO "B06"]
[WhiteElo "2069"]
[BlackElo "2139"]
[Annotator "NA"]
[PlyCount "51"]
[EventDate "2019.09.21"]
[EventType "tourn"]
[EventCountry "ESP"]
[SourceTitle "playchess.com"]
[Source "ChessBase"]
[SourceQuality "1"]
[TimeControl "5400+30"]

1. e4 g6 2. d4 Bg7 3. Nc3 a6 4. f4 b5 5. Nf3 d6 6. Bd3 Bb7 7. Qe2 e6 8. a4 b4 9. Nd1 Nd7 10. e5 Ne7 11. Nf2 a5 12. Ne4 Qb8 13. O-O O-O 14. Bd2 Nb6 15. g4 Rd8 16. Nf6+ Bxf6 17. exf6 Ned5 18. f5 exf5 19. gxf5 Re8 20. Qf2 Nxf6 21. fxg6 fxg6 22. Ng5 Rf8 23. Ne6 Rf7 24. Ng5 Rf8 25. Ne6 Rf7 26. Ng5 1/2-1/2

[Event "I Torneo de Maestras 2019"]
[Site "Corralejo"]
[Date "2019.09.26"]
[Round "8.5"]
[White "Navrotescu, Andreea-Cristiana"]
[Black "Guillo Longares, Cecilia"]
[Result "1-0"]
[ECO "A65"]
[WhiteElo "2242"]
[BlackElo "1960"]
[Annotator "NA"]
[PlyCount "61"]
[EventDate "2019.09.21"]
[EventType "tourn"]
[EventCountry "ESP"]
[SourceTitle "playchess.com"]
[Source "ChessBase"]
[SourceQuality "1"]
[TimeControl "5400+30"]

1. d4 Nf6 2. c4 c5 3. d5 e6 4. Nc3 exd5 5. cxd5 d6 6. e4 g6 7. Nge2 Bg7 8. Ng3 a6 9. a4 O-O 10. Be2 Nbd7 11. O-O Re8 12. Bg5 Qc7 13. Qd2 Rb8 14. f4 h6 15. Bh4 Nh7 16. e5 dxe5 17. d6 Qa5 18. Be7 Qb4 19. f5 g5 20. Qc2 Bf6 21. Rad1 Bxe7 22. Nd5 Qa5 23. Nxe7+ Kf8 24. f6 Nhxf6 25. Nh5 Rxe7 26. dxe7+ Kxe7 27. Qf5 Nxh5 28. Qxf7+ Kd8 29. Qf8+ Kc7 30. Qd6+ Kd8 31. Rf8# 1-0